[Event "*** Titled Tuesday Blitz"]
[Site "Chess.com"]
[Date "2018.05.01"]
[Round "4"]
[White "krzyzan94"]
[Black "Kimster98"]
[Result "0-1"]
[WhiteElo "2617"]
[BlackElo "2527"]
[TimeControl "180+2"]
[EndTime "13:57:26 PDT"]
[Termination "Kimster98 won by resignation"]

1. b3 e5 2. Bb2 Nc6 3. e3 Nf6 4.
Bb5 Bd6 5. Ne2 a6 6. Bxc6 dxc6 7. Ng3 Qe7 8. e4 Bg4 9. f3 Be6 10. Nc3 O-O-O 11. Qe2 Ba3 12. Bxa3 Qxa3 13. O-O Rd7 14. Rfd1 Rhd8 15. d3 Qc5+ 16. Qf2 Qxc3 17. Kh1 Qd4 18.
Qd2 h6 19. a4 c5 20. Ne2 Qd6 21. Rab1 Ng8 22. Qe3 b6 23. a5 Ne7 24. axb6 cxb6 25.
Ra1 Kb7 26. Ra4 Nc6 27. Rda1 Ra8 28. Nc3 Nd4 29. Qd2 Rdd8 30. Rb1 a5 31. Raa1 Kc7 32. Nd1 Kd7 33. Ne3 Ke7 34. Qf2 Kf8 35. g4 g5 36. h4 Kg7 37. Kg2 Rh8 38. Rh1 f6 39.
Qd2 Qc7 40. Nf1 Bf7 41. Ng3 Bg6 42. Kf2 b5 43. Ra2 Ra7 44. Rha1 Rha8 45. Rh1 Rh8 46.
Rha1 Rha8 47. Rh1 a4 48. bxa4 Rxa4 49. Rb2 Ra2 50. c3 Rxb2 51. Qxb2 Ne6 52. Qxb5 c4 53. dxc4 Rb8 54. Qd5 Nf4 55. Qd1 Rb2+ 56. Kf1 Qa7 57. c5 Qxc5 58. Qd7+ Kf8 59. Qd8+ Kf7 60. Qd7+ Qe7 61.
Qxe7+ Kxe7 62. hxg5 hxg5 63. Rh8 Rb1+ 64. Kf2 Rb2+ 65. Kf1 Rc2 66. Rc8 Kd7 67. Rf8 Ke7 68. Rc8 Ne6 69. Nf5+ Bxf5 70. gxf5 Nf4 71. Rc6 Nd3 72.
Re6+ Kf7 73. Rc6 Nb2 74. Rc7+ Ke8 75. Rc6 Ke7 76. Rc7+ Ke8 77. Rc6 Kf7 78. Rc7+ Kf8 79. Rc6 Kg7 80. Rc7+ Kg8 81. Rc6 Nd3 82. Rxf6 Rf2+ 83.
Kg1 Rxf3 84. Rg6+ Kf7 85. Rxg5 Nc5 86. Rg4 Re3 87. Kf2 Rxe4 88. Rg1 Rc4 89. Re1 Kf6 90. Ra1 Kxf5 91. Ke3 Rxc3+ 92. Ke2 Kf4 93. Rf1+ Ke4 94. Rh1 Rc2+ 95. Kd1 Ra2 96. Rh4+ Kd3 97. Rh3+ Kd4 98. Rh4+ e4 99. Rh8 Ra1+ 100. Ke2 Ra2+ 101. Kd1 Kd3 102. Rd8+ Ke3 103. Re8 Ra1+ 104. Kc2 Kf3 105. Rf8+ Ke2 106. Rf5 Nd3 107. Rh5 Rc1+ 108. Kb3 Rc7 109. Rh2+ Nf2 110. Kb2 e3 111. Ka3 Kf1 0-1

[Event "*** Titled Tuesday Blitz"]
[Site "Chess.com"]
[Date "2018.05.01"]
[Round "4"]
[White "TheCount"]
[Black "saraswathii"]
[Result "1/2-1/2"]
[WhiteElo "2544"]
[BlackElo "2278"]
[TimeControl "180+2"]
[EndTime "13:58:14 PDT"]
[Termination "Game drawn by agreement"]

1. d4 Nf6 2. c4 g6 3. Nc3 Bg7 4. e4 d6 5. Be2 O-O 6. Bg5 Nbd7 7.
f4 h6 8. Bh4 c5 9. d5 a6 10. Nf3 Qc7 11. a4 Re8 12. O-O e6 13.
e5 dxe5 14. d6 Qc6 15. Nxe5 Nxe5 16. fxe5 Nd7 17. Bf3 Qb6 18. Ne4 Bxe5 19. Qd2 Kg7 20. Be7 f5 21. Nc3 Bf6 22. a5 Qa7 23. Rae1 Be5 24.
Rxe5 Nxe5 25. Qe3 Nxf3+ 26. Rxf3 Bd7 27. Qe5+ Kh7 28. Qf6 Rg8 29. h4 Qb8 30. h5 Qe8 31.
Ne2 gxh5 32. Nf4 Bc6 33. Rh3 Rg4 34. Rxh5 Rxg2+ 35. Kf1 Rg6 36. Qh4 Bg2+ 37. Nxg2 Qa4 38. Qe1 Qc2 39. Ne3 Qd3+ 40. Qe2 Qe4 41. Rh2 Rag8 42.
Ke1 Rg1+ 43. Kd2 Qd4+ 44. Kc2 R8g3 45. Bf8 Qe4+ 46. Qd3 Rxe3 47. Qxe4 Rxe4 48. Rxh6+ Kg8 49. Be7 Rxc4+ 50. Kb3 Rd4 51. Rf6 Rg3+ 52. Kc2 e5 53. Rxf5 e4 54. Rxc5 e3 55. Re5 Rd2+ 56. Kc3 Rd1 57.
Kc4 Rd2 58. Kc3 Kf7 59. Rxe3 Rxe3+ 60. Kxd2 Re5 61. Kc3 Rxa5 62. b4 Rb5 63. Kc4 Ke6 64. Kc3 Kd7 65. Kc4 Kc6 66. Kc3 a5 67. bxa5 Rxa5 68.
Kc4 Ra4+ 69. Kb3 b5 70. Kc3 Rg4 71. Kb3 Rd4 72. Kc3 Rd5 73. Kb3 Rd3+ 74. Kb4 Rd4+ 75.
Kb3 b4 76. d7 Kxd7 77. Bxb4 Kc6 78. Bc3 Re4 79. Kc2 Kd5 80. Kd3 Rh4 81. Be1 Rh3+ 82. Ke2 Ke4 83. Kf2 Rb3 84. Ba5 Ra3 85. Bb6 Kf4 86.
Kg2 Rb3 87. Ba7 Rb2+ 88. Kh1 Kf3 89. Bg1 Kg3 90. Bc5 Rh2+ 91. Kg1 Rd2 92. Kh1 Rd5 93. Bb6 Rh5+ 94. Kg1 Rh7 95. Bc5 Rd7 96. Kh1 Rd5 97. Bb6 Rd1+ 98. Bg1 Kf3 99. Kh2 Rd5 100. Bb6 Rh5+ 101.
Kg1 Rg5+ 102. Kh1 Rg6 103. Bd4 Rd6 104. Bc5 Rd5 105. Bb6 Rh5+ 106. Kg1 Rg5+ 107. Kh1 1/2-1/2

[Event "*** Titled Tuesday Blitz"]
[Site "Chess.com"]
[Date "2018.05.01"]
[Round "4"]
[White "DrZeiss"]
[Black "StoreySniper"]
[Result "1/2-1/2"]
[WhiteElo "2216"]
[BlackElo "2368"]
[TimeControl "180+2"]
[EndTime "13:59:16 PDT"]
[Termination "Game drawn - insufficient material"]

1. e4 g6 2. d4 Bg7 3. c3 d5 4. e5 c5 5. h4 Nc6 6. h5 cxd4 7. cxd4 Qb6 8. Ne2 Bg4 9. f3 Bf5 10.
g4 Bxb1 11. Rxb1 e6 12. h6 Bf8 13. Bg5 Be7 14. Bxe7 Ngxe7 15. Qd2 O-O-O 16. b4 Kb8 17. Bg2 Ka8 18. a3 Rc8 19. Rd1 Rhf8 20. Nc3 Nxd4 21. Na4 Nc2+ 22. Qxc2 Rxc2 23. Nxb6+ axb6 24. Bf1 Rc3 25. Rd3 Rc1+ 26. Kd2 Ra1 27. Ke3 Nc6 28. f4 f6 29. exf6 Rxf6 30. g5 Rf5 31. Bg2 d4+ 32. Ke4 Ra2 33. Bh3 Rf8 34. b5 Na5 35. Rxd4 Rxa3 36. Rd7 Ra4+ 37. Ke5 Raxf4 38. Rxh7 Nc4+ 39. Kxe6 Re8+ 40. Kd7 Re5 41. Kc7 Rc5+ 42. Kd7 Rd4+ 43. Ke7 Rxg5 44. Rh8+ Ka7 45. Ra1+ Na5 46. h7 Rh4 47. Be6 Rgh5 48. Bg8 g5 49. Kf6 g4 50.
Kg7 g3 51. Rg1 Rg5+ 52. Kf6 Rgh5 53. Rxg3 Rh1 54. Rg5 R5h2 55. Rg4 Rh5 56. Rg5 R5h2 57. Rg4 Rh5 58. Rg5 R5h4 59. Rg4 Rxg4 60. Be6 Rgh4 61.
Kg7 R4h2 62. Bf5 Nc4 63. Rd8 Ne3 64. Bg6 Ng4 65. h8=Q Rxh8 66. Rxh8 Rxh8 67. Kxh8 Kb8 68. Kg7 Kc7 69. Bf5 Ne3 70. Be4 Nc4 71. Kf6 Nd6 72. Bd3 Kd7 73. Ke5 Nf7+ 74. Kd5 Ng5 75. Bc4 Nh3 76.
Bf1 Nf4+ 77. Ke5 Ng6+ 78. Kf6 Nf4 79. Ke5 Ng6+ 80. Kf6 Ne7 81. Bg2 Nc8 82. Bxb7 Kc7 83. Bc6 Na7 84. Be8 Kd8 85. Bf7 Nxb5 86. Ke5 Kc7 87.
Kd5 Nd6 88. Be6 Ne8 89. Kd4 Kd6 90. Bb3 Nc7 91. Kc4 Kc6 92. Kb4 Na6+ 93. Kc4 Nc5 94. Bc2 b5+ 95. Kb4 Na6+ 96. Ka5 Nc5 97. Kb4 Kb6 98.
Bd1 Na6+ 99. Kb3 Nc5+ 100. Kb4 Nd3+ 101. Kc3 Nf4 102. Bf3 Kc5 103. Kb2 b4 104. Bd1 Nd3+ 105. Kb1 Ne5 106. Bb3 Kd4 107. Kb2 Nd3+ 108. Kb1 Kc3 109. Bf7 Ne5 110. Bg8 Nc6 111. Be6 Nd4 112. Bf7 Nf5 113. Bg8 Nd6 114. Be6 Nb5 115. Bg8 Na3+ 116. Kc1 Nb5 117. Kb1 Nd4 118. Bf7 Nf5 119. Bg8 Ne7 120. Bf7 Nc6 121. Bg8 Na5 122. Bf7 Nc6 123. Bg8 Nd4 124. Bf7 Nf3 125. Bg8 Nd2+ 126. Kc1 Nb3+ 127. Kb1 Na5 128. Bf7 Nc6 129. Ka2 Ne5 130. Bg8 Ng4 131. Bf7 Nh6 132. Be6 Kc2 133. Bb3+ Kc3 134. Be6 Kc2 135. Bb3+ Kd3 136. Be6 Kc3 137. Kb1 Kd4 138. Kb2 Ke5 139. Kb3 Kxe6 140. Kxb4 1/2-1/2

[Event "*** Titled Tuesday Blitz"]
[Site "Chess.com"]
[Date "2018.05.01"]
[Round "5"]
[White "Kangoroo3000"]
[Black "MartinZumsande"]
[Result "0-1"]
[WhiteElo "2424"]
[BlackElo "2526"]
[TimeControl "180+2"]
[EndTime "14:01:17 PDT"]
[Termination "MartinZumsande won by resignation"]

1. d4 d5 2. c4 e6 3. Nf3 Nf6 4.
g3 dxc4 5. Bg2 Bb4+ 6. Nbd2 b5 7.
O-O Bb7 8. Qc2 O-O 9. b3 c3 10. Nb1 Be4 0-1

[Event "*** Titled Tuesday Blitz"]
[Site "Chess.com"]
[Date "2018.05.01"]
[Round "5"]
[White "GMSrinath"]
[Black "Indianlad"]
[Result "0-1"]
[WhiteElo "2737"]
[BlackElo "2648"]
[TimeControl "180+2"]
[EndTime "14:02:17 PDT"]
[Termination "Indianlad won by resignation"]

1. e4 e5 2. Nf3 Nc6 3. Bc4 Bc5 4. c3 Nf6 5. d4 exd4 6. e5 d5 7. Bb5 Ne4 8. cxd4 Bb6 9. Nc3 O-O 10. Be3 Bg4 11. Qc2 Bf5 12. Bd3 Nb4 13. Qe2 Nxc3 14.
bxc3 Bxd3 15. Qb2 Nc2+ 16. Kd2 Bg6 17. Raf1 Nxe3 18. fxe3 c5 19. h4 cxd4 20. Nxd4 Rc8 21. h5 Be4 22. h6 Bxd4 23. exd4 Qg5+ 24. Ke1 Qe3+ 25. Kd1 Rxc3 26. Qd2 0-1

[Event "*** Titled Tuesday Blitz"]
[Site "Chess.com"]
[Date "2018.05.01"]
[Round "5"]
[White "LikeWater"]
[Black "LawrenceTrent"]
[Result "0-1"]
[WhiteElo "2489"]
[BlackElo "2468"]
[TimeControl "180+2"]
[EndTime "14:02:25 PDT"]
[Termination "LawrenceTrent won by resignation"]

1. e4 e5 2. Nf3 Nc6 3. Bc4 Nf6 4. d3 h6 5. a4 d6 6. a5 a6 7. h3 g6 8. c3 Bg7 9. O-O O-O 10.
Nbd2 Be6 11. Bxe6 fxe6 12. Qb3 Qd7 13. d4 exd4 14. cxd4 d5 15. Re1 dxe4 16. Nxe4 Nxe4 17. Rxe4 Qd5 18. Rg4 Qxb3 0-1

[Event "*** Titled Tuesday Blitz"]
[Site "Chess.com"]
[Date "2018.05.01"]
[Round "5"]
[White "AlexanderL"]
[Black "sergiochess83"]
[Result "0-1"]
[WhiteElo "2578"]
[BlackElo "2801"]
[TimeControl "180+2"]
[EndTime "14:02:39 PDT"]
[Termination "sergiochess83 won by resignation"]

1. Nf3 Nf6 2. c4 e6 3. Nc3 d5 4. e3 Bd6 5. d4 O-O 6. Qc2 a6 7. c5 Be7 8. Bd3 b6 9. e4 bxc5 10. e5 Nfd7 11. Bxh7+ Kh8 12. dxc5 Nc6 13. Bf4 Nb4 14.
Qb1 g6 15. Bxg6 fxg6 16. Qxg6 Rxf4 17. Qh6+ Kg8 18. Qg6+ Kf8 19. Qh6+ Ke8 0-1

[Event "*** Titled Tuesday Blitz"]
[Site "Chess.com"]
[Date "2018.05.01"]
[Round "5"]
[White "wadsy27"]
[Black "Karina_Oparina"]
[Result "1-0"]
[WhiteElo "2246"]
[BlackElo "2096"]
[TimeControl "180+2"]
[EndTime "14:02:56 PDT"]
[Termination "wadsy27 won by resignation"]

1. c4 Nf6 2. g3 c5 3. Bg2 Nc6 4. Nf3 e6 5. O-O Be7 6. b3 b6 7. e3 Bb7 8. Bb2 d5 9. Nc3 d4 10. exd4 Nxd4 11. Nxd4 Bxg2 12. Nxe6 Qd7 13. Nxg7+ Kf8 14.
Kxg2 Kxg7 15. Nd5 Rhd8 16. Qf3 Qe6 17. Rae1 Qd6 18. Rxe7 1-0

[Event "*** Titled Tuesday Blitz"]
[Site "Chess.com"]
[Date "2018.05.01"]
[Round "5"]
[White "Jospem"]
[Black "GulamaliRises"]
[Result "1-0"]
[WhiteElo "2689"]
[BlackElo "2489"]
[TimeControl "180+2"]
[EndTime "14:03:47 PDT"]
[Termination "Jospem won by resignation"]

1. e4 c5 2. Nf3 d6 3. d4 cxd4 4. Nxd4 Nf6 5. Nc3 a6 6. f3 e6 7.
Be3 b5 8. Qd2 Nbd7 9. g4 h6 10.
O-O-O b4 11. Na4 Qa5 12. b3 Bb7 13. h4 d5 14. Bh3 g5 15. hxg5 hxg5 16. e5 Nxe5 17.
Bxg5 Be7 18. Bxf6 Bxf6 19. g5 Bg7 20. Bxe6 fxe6 21. Nxe6 Kf7 22. Nxg7 Kxg7 23. Qf4 Nd7 24. Qd4+ 1-0

[Event "*** Titled Tuesday Blitz"]
[Site "Chess.com"]
[Date "2018.05.01"]
[Round "5"]
[White "tteshan"]
[Black "aa175"]
[Result "1-0"]
[WhiteElo "1982"]
[BlackElo "1858"]
[TimeControl "180+2"]
[EndTime "14:04:15 PDT"]
[Termination "tteshan won by resignation"]

1. d4 e5 2. dxe5 Nc6 3. Nf3 Qe7 4. Bf4 Qb4+ 5. Nc3 Qxf4 6. Nd5 Qa4 7. Nxc7+ Kd8 8.
Nxa8 Nb4 9. Nd4 Bc5 10. c3 Qa5 11. Nb3 Bxf2+ 12. Kxf2 Qb6+ 13. Nxb6 axb6 14. cxb4 Ne7 15.
Qd6 Nc6 16. Nd4 Re8 17. Nxc6+ bxc6 18. e4 Re6 19. Qf8+ Kc7 20. Qxf7 Rxe5 21. Qf4 d6 22. Rd1 Re6 23. Kg1 Bd7 24. Bc4 Rf6 25. Qe3 b5 26.
e5 bxc4 27. exf6 gxf6 28. Qd4 d5 29. Qxf6 Be6 30. Qxe6 c5 31. bxc5 c3 32. bxc3 d4 33. Rxd4 h5 34. Rd7+ Kc8 1-0

[Event "*** Titled Tuesday Blitz"]
[Site "Chess.com"]
[Date "2018.05.01"]
[Round "5"]
[White "Rokis13"]
[Black "lucasmito"]
[Result "0-1"]
[WhiteElo "2431"]
[BlackElo "2355"]
[TimeControl "180+2"]
[EndTime "14:04:20 PDT"]
[Termination "lucasmito won by checkmate"]

1. e4 e5 2. Nf3 Nc6 3. Bc4 Nf6 4. Ng5 d5 5. exd5 Nd4 6. c3 b5 7. Bf1 Nxd5 8. cxd4 Qxg5 9. Bxb5+ Kd8 10. O-O Bb7 11.
f3 exd4 12. Qb3 Nf4 13. g3 Bd6 14. Qxf7 Nh3+ 15. Kg2 Nf4+ 16. Kg1 Nh3+ 17. Kg2 Qxb5 18. d3 Qxd3 19. Nd2 Qe2+ 20. Kxh3 Bc8+ 21. Kh4 Qxh2+ 22.
Kg5 Qh6# 0-1

[Event "*** Titled Tuesday Blitz"]
[Site "Chess.com"]
[Date "2018.05.01"]
[Round "5"]
[White "Alopekos"]
[Black "Supernotar"]
[Result "1-0"]
[WhiteElo "2330"]
[BlackElo "2483"]
[TimeControl "180+2"]
[EndTime "14:04:23 PDT"]
[Termination "Alopekos won by checkmate"]

1. e4 c6 2. d4 d5 3. Nd2 dxe4 4. Nxe4 Bf5 5. Ng3 Bg6 6. h4 h6 7. Nf3 Nd7 8. h5 Bh7 9. Bd3 Bxd3 10. Qxd3 e6 11. Bd2 Ngf6 12. O-O-O Be7 13. Kb1 O-O 14.
Qe2 c5 15. d5 Nxd5 16. Ne4 Qc7 17. g4 f5 18. gxf5 Rxf5 19. Rhg1 Raf8 20. Bxh6 Rxf3 21.
Bxg7 Kh7 22. Bxf8 Rxf8 23. Qg4 Qe5 24. Qg6+ Kh8 25. Qh6# 1-0

[Event "*** Titled Tuesday Blitz"]
[Site "Chess.com"]
[Date "2018.05.01"]
[Round "5"]
[White "Hrant_ChessMood"]
[Black "2Tilted"]
[Result "1-0"]
[WhiteElo "2820"]
[BlackElo "2287"]
[TimeControl "180+2"]
[EndTime "14:04:36 PDT"]
[Termination "Hrant_ChessMood won by resignation"]

1. e4 c5 2. Nf3 e6 3. c4 Nc6 4. Nc3 a6 5. Be2 Nf6 6. O-O Bd6 7. d4 cxd4 8. Nxd4 Be5 9. Be3 Qc7 10. f4 Bxd4 11. Bxd4 Nxd4 12. Qxd4 d6 13. Rad1 Qc5 14. Qxc5 dxc5 15. e5 Ng8 16. Ne4 Ne7 17. Nd6+ Kf8 18.
Bf3 Rb8 19. Nxc8 Rxc8 20. Bxb7 Rb8 21. Bxa6 Nf5 22. Rd7 g6 23. Bb5 h5 24. a4 g5 25.
fxg5 h4 26. a5 Rg8 27. a6 Kg7 28. a7 Rbd8 29. Rxd8 Rxd8 30. Bc6 1-0

[Event "*** Titled Tuesday Blitz"]
[Site "Chess.com"]
[Date "2018.05.01"]
[Round "5"]
[White "MatthewG-p4p"]
[Black "FairChess_on_YouTube"]
[Result "0-1"]
[WhiteElo "2607"]
[BlackElo "2871"]
[TimeControl "180+2"]
[EndTime "14:04:40 PDT"]
[Termination "FairChess_on_YouTube won by resignation"]

1. c4 g6 2. g3 Bg7 3. Bg2 e5 4. Nc3 Ne7 5. e3 O-O 6. Nge2 d6 7. d3 c6 8. O-O Be6 9. b3 Re8 10. Bb2 d5 11. cxd5 cxd5 12. Rc1 Nbc6 13. d4 exd4 14. Nxd4 Nxd4 15. exd4 Qd7 16. Re1 Nc6 17. Na4 b6 18. Qd2 h5 19. Bc3 h4 20. Nb2 h3 21.
Bf1 Bf5 22. b4 Re4 23. Rxe4 Bxe4 24. b5 Nd8 25. Nd3 Qf5 26. Ne5 Bxe5 27. dxe5 Qf3 0-1

[Event "*** Titled Tuesday Blitz"]
[Site "Chess.com"]
[Date "2018.05.01"]
[Round "5"]
[White "ilmago"]
[Black "DrZeiss"]
[Result "0-1"]
[WhiteElo "1928"]
[BlackElo "2219"]
[TimeControl "180+2"]
[EndTime "14:04:42 PDT"]
[Termination "DrZeiss won by resignation"]

1. e4 c5 2. Nf3 Nc6 3. d4 cxd4 4. Nxd4 e5 5. Nb5 a6 6. Nd6+ Bxd6 7. Qxd6 Qf6 8. Qc7 Nge7 9. Nc3 O-O 10. Be3 d6 11.
O-O-O Rd8 12. Nd5 Nxd5 13. exd5 Rd7 14. Qb6 Ne7 15. Be2 Nf5 16. Bg4 g6 17. h4 h5 18.
Bg5 Qg7 19. Bh3 f6 20. Bd2 Qf8 21. g4 hxg4 22. Bxg4 Rh7 23. h5 g5 24. Rh3 Nd4 25. f3 f5 26. c3 fxg4 27. Rg3 Ne2+ 28. Kb1 0-1

[Event "*** Titled Tuesday Blitz"]
[Site "Chess.com"]
[Date "2018.05.01"]
[Round "5"]
[White "SCIM"]
[Black "RodinMihail"]
[Result "1-0"]
[WhiteElo "2389"]
[BlackElo "2406"]
[TimeControl "180+2"]
[EndTime "14:04:47 PDT"]
[Termination "SCIM won by resignation"]

1. d4 d5 2. c4 e6 3. Nf3 Nf6 4. g3 c6 5. Bg2 Nbd7 6. O-O Bd6 7.
b3 Qe7 8. Bb2 O-O 9. Nc3 a6 10.
Re1 e5 11. dxe5 Nxe5 12. Nxe5 Bxe5 13. cxd5 cxd5 14. Nxd5 Nxd5 15. Bxe5 Ne3 16. Qd6 Re8 17.
Qxe7 Rxe7 18. Bd6 Re6 19. fxe3 Rxd6 20. Rad1 Rxd1 21. Rxd1 g6 22. Rd8+ Kg7 23. Bh3 f5 24. e4 Kf6 25. exf5 gxf5 26. e4 b5 27. Bxf5 1-0

[Event "*** Titled Tuesday Blitz"]
[Site "Chess.com"]
[Date "2018.05.01"]
[Round "5"]
[White "Kimster98"]
[Black "Fandorine"]
[Result "0-1"]
[WhiteElo "2523"]
[BlackElo "2722"]
[TimeControl "180+2"]
[EndTime "14:05:05 PDT"]
[Termination "Fandorine won by resignation"]

1. Nf3 Nf6 2. g3 g6 3. b3 Bg7 4. Bb2 O-O 5. Bg2 d6 6. d4 e5 7.
dxe5 Ng4 8. c4 Nc6 9. O-O Re8 10. Nc3 Ngxe5 11. Nxe5 Nxe5 12. Qd2 a5 13. Nd5 a4 14.
f4 Ng4 15. Bxg7 Kxg7 16. Qb2+ f6 17. h3 Ne3 18. Nxe3 Rxe3 19. Bf3 Bxh3 20. Rfd1 Bd7 21. Qd4 Qe7 22. Kf2 Re8 23. Rd3 Rxe2+ 24. Bxe2 Qxe2+ 25. Kg1 Bc6 26. Rd2 Qf3 0-1

[Event "*** Titled Tuesday Blitz"]
[Site "Chess.com"]
[Date "2018.05.01"]
[Round "5"]
[White "AsaHoffmann"]
[Black "MasterLeif"]
[Result "0-1"]
[WhiteElo "1890"]
[BlackElo "2401"]
[TimeControl "180+2"]
[EndTime "14:05:05 PDT"]
[Termination "MasterLeif won by resignation"]

1. d4 Nf6 2. Bg5 e6 3. Nd2 d5 4. e3 Be7 5. Bd3 Nbd7 6. f4 h6 7. Bh4 c5 8. c3 Qb6 9. Qb3 c4 10.
Qxb6 axb6 11. Bc2 Ng4 12. Bxe7 Nxe3 13. Bb1 Kxe7 14. Kf2 Nd1+ 15. Ke2 Nxb2 16. Ngf3 Ra3 17. Rc1 Na4 18. f5 Nxc3+ 19. Kf2 Nxb1 20. Nxb1 Ra8 21.
fxe6 fxe6 22. Nc3 g5 23. Rab1 g4 24. Nh4 Kd6 25. Kg3 Rg8 26. Rf1 Ra3 27. Rbc1 b5 28.
Kf4 Rxc3 0-1

[Event "*** Titled Tuesday Blitz"]
[Site "Chess.com"]
[Date "2018.05.01"]
[Round "5"]
[White "pultineviciuspaulius"]
[Black "nOcHeaTiNgKiD"]
[Result "1-0"]
[WhiteElo "2537"]
[BlackElo "2362"]
[TimeControl "180+2"]
[EndTime "14:05:20 PDT"]
[Termination "pultineviciuspaulius won by resignation"]

1. d4 Nf6 2. Nf3 d5 3. Bf4 e6 4.
Nbd2 Bd6 5. Bg3 O-O 6. e3 b6 7. Bd3 c5 8. c3 Ba6 9. Bxa6 Nxa6 10. O-O Nb8 11. Re1 Nc6 12. Qa4 Bxg3 13. hxg3 Qc7 14. Rac1 Rfd8 15. c4 Ne7 16. dxc5 bxc5 17. cxd5 exd5 18.
Nb3 c4 19. Nbd4 Qb6 20. b3 cxb3 21. Nxb3 Rac8 22. Red1 h6 23. Nfd4 Ne4 24. Rxc8 Rxc8 25. Rc1 Rxc1+ 26. Nxc1 Qf6 27. Nd3 Nf5 28. Qxa7 Nexg3 29. fxg3 Nxe3 30. Qb8+ Kh7 31. Qf4 Qe7 32. Qe5 1-0

[Event "*** Titled Tuesday Blitz"]
[Site "Chess.com"]
[Date "2018.05.01"]
[Round "5"]
[White "Khamrakulov_Djurabek"]
[Black "HarutyunianTigranK"]
[Result "0-1"]
[WhiteElo "2652"]
[BlackElo "2735"]
[TimeControl "180+2"]
[EndTime "14:05:24 PDT"]
[Termination "HarutyunianTigranK won by resignation"]

1. e4 e5 2. Nf3 Nc6 3. d4 exd4 4.
Nxd4 Bc5 5. Nb3 Bb6 6. Qe2 Nf6 7. e5 Nd5 8. c4 Nde7 9. c5 Ba5+ 10. Nxa5 Nxa5 11. Nc3 Nac6 12. Be3 O-O 13. f4 d5 14.
O-O-O d4 15. Bf2 Be6 16. g4 Qc8 17. f5 dxc3 18. fxe6 cxb2+ 19. Kxb2 Qxe6 20. Bg3 Rad8 21. Bg2 Nd4 22. Qe4 Nec6 23. Rd2 Qc4 24. Rhd1 Qb4+ 25.
Ka1 Nb3+ 26. axb3 Rxd2 27. Rxd2 Qxd2 28. Bf4 Qc3+ 29. Kb1 Qxb3+ 30. Kc1 Rd8 0-1

[Event "*** Titled Tuesday Blitz"]
[Site "Chess.com"]
[Date "2018.05.01"]
[Round "5"]
[White "Sven_Tica"]
[Black "tomsishere"]
[Result "1-0"]
[WhiteElo "2638"]
[BlackElo "2357"]
[TimeControl "180+2"]
[EndTime "14:05:35 PDT"]
[Termination "Sven_Tica won on time"]

1. d4 Nf6 2. c4 g6 3. Nc3 d5 4.
Bf4 Bg7 5. e3 O-O 6. Rc1 Be6 7.
c5 c6 8. h3 b6 9. b4 a5 10.
Na4 axb4 11. Nxb6 Rxa2 12. Qb3 Ra7 13. Nf3 Nfd7 14. Qxb4 Rb7 15. Rb1 Bf5 16. Rb2 Be4 17. Be2 e5 18. dxe5 Nxb6 19. cxb6 Nd7 20. O-O Rxb6 21.
Qc3 Rxb2 22. Qxb2 Qe7 23. Qb7 1-0

[Event "*** Titled Tuesday Blitz"]
[Site "Chess.com"]
[Date "2018.05.01"]
[Round "5"]
[White "ChessicallyInclined"]
[Black "colegiodemadrid"]
[Result "1-0"]
[WhiteElo "2206"]
[BlackElo "2285"]
[TimeControl "180+2"]
[EndTime "14:05:38 PDT"]
[Termination "ChessicallyInclined won by resignation"]

1. d4 Nf6 2. c4 c5 3. d5 b5 4. cxb5 a6 5. f3 axb5 6. e4 Qa5+ 7. Bd2 b4 8. Na3 d6 9. Nc4 Qc7 10. a3 bxa3 11. bxa3 g6 12. Bd3 Bg7 13. Ne2 O-O 14.
O-O e6 15. dxe6 fxe6 16. Bf4 Nc6 17. Bxd6 Qa7 18. Bxf8 Bxf8 19. Kh1 e5 20. Ne3 Nh5 21. Bc4+ Kh8 22. Bd5 Bb7 23. Bxc6 Bxc6 24. Nc3 Bg7 25. Ncd5 Bb5 26. Rf2 c4 27. Rb2 Ba4 28. Qd2 Rc8 29. Qc3 Nf4 30. Rb4 Qd4 31. Rxa4 Ne2 32. Qxd4 exd4 33. Rxc4 Rb8 34. Nf1 h5 35. Nb4 h4 36. Nd3 h3 37. gxh3 Rb3 38. Rd1 Nc3 39. Rd2 Nb1 40. Rb2 Rxd3 41. Rxb1 Rxf3 42. Ng3 d3 43.
Kg2 Re3 44. Rd1 1-0

[Event "*** Titled Tuesday Blitz"]
[Site "Chess.com"]
[Date "2018.05.01"]
[Round "5"]
[White "Yurovskykh_Oleksandr"]
[Black "toad"]
[Result "1-0"]
[WhiteElo "2350"]
[BlackElo "2194"]
[TimeControl "180+2"]
[EndTime "14:05:40 PDT"]
[Termination "Yurovskykh_Oleksandr won by resignation"]

1. e4 c5 2. Nf3 d6 3. Bb5+ Nd7 4.
O-O e6 5. Re1 Nf6 6. c3 a6 7.
Bf1 b5 8. d4 cxd4 9. cxd4 Be7 10.
a4 b4 11. Bg5 O-O 12. Nbd2 Bb7 13. Bd3 Rc8 14. Qe2 Qb6 15. h3 a5 16. b3 Rc7 17. Bb5 Rfc8 18. Nc4 Qa7 19. e5 dxe5 20. dxe5 Nd5 21. Bxe7 Nxe7 22. Nd6 Rc2 23. Nxc8 1-0

[Event "*** Titled Tuesday Blitz"]
[Site "Chess.com"]
[Date "2018.05.01"]
[Round "5"]
[White "rasmussvane"]
[Black "MartinMatthiesen"]
[Result "1-0"]
[WhiteElo "2602"]
[BlackElo "2360"]
[TimeControl "180+2"]
[EndTime "14:05:47 PDT"]
[Termination "rasmussvane won by resignation"]

1. Nf3 c5 2. c4 Nc6 3. Nc3 g6 4. e3 Nf6 5. d4 cxd4 6. exd4 d5 7. cxd5 Nxd5 8. Qb3 e6 9. Bb5 Bg7 10. O-O O-O 11. Bxc6 bxc6 12. Na4 Ba6 13. Re1 Rb8 14. Qd1 Qa5 15. Nc5 Rfd8 16. Bd2 Qb6 17. Rc1 Ne7 18. Qa4 Bb5 19. Qa3 Qc7 20. Ba5 Rb6 21. Ne4 Nf5 22. Bxb6 axb6 23. Nc3 Qb7 24. Nxb5 cxb5 25. Qb3 Bxd4 26.
Qxb5 Bg7 27. Red1 Ra8 28. Rd7 Qe4 29. Qc6 Rf8 30. Qxe4 1-0

[Event "*** Titled Tuesday Blitz"]
[Site "Chess.com"]
[Date "2018.05.01"]
[Round "5"]
[White "DenksportAcademie"]
[Black "Synctel"]
[Result "1-0"]
[WhiteElo "2230"]
[BlackElo "1901"]
[TimeControl "180+2"]
[EndTime "14:05:48 PDT"]
[Termination "DenksportAcademie won on time"]

1. b3 Nf6 2. Bb2 d5 3. e3 c5 4. Bb5+ Nc6 5. Bxc6+ bxc6 6. Nf3 Bg4 7. h3 Bxf3 8. Qxf3 Qd6 9. O-O e5 10. c4 Be7 11. d3 O-O 12. Nc3 Rad8 13. Ba3 Qc7 14. Na4 Qa5 15. Rac1 e4 16. dxe4 Nxe4 17. Rfd1 Bf6 18. cxd5 cxd5 19. Bxc5 Rfe8 20. Bd4 Bxd4 21. Rxd4 Rc8 22. Rxc8 Rxc8 23. Qd1 1-0

[Event "*** Titled Tuesday Blitz"]
[Site "Chess.com"]
[Date "2018.05.01"]
[Round "5"]
[White "Ginger_GM"]
[Black "vugarrasulov"]
[Result "0-1"]
[WhiteElo "2479"]
[BlackElo "2728"]
[TimeControl "180+2"]
[EndTime "14:05:59 PDT"]
[Termination "vugarrasulov won by resignation"]

1. d4 Nf6 2. c4 e6 3. Nf3 b6 4. g3 Ba6 5. Qc2 Bb7 6. Bg2 Bb4+ 7. Bd2 c5 8. d5 exd5 9. O-O Bxd2 10. Nbxd2 d4 11. e3 dxe3 12. fxe3 O-O 13. Ng5 Bxg2 14.
Rxf6 g6 15. Qc3 d5 16. cxd5 Bxd5 17. Nde4 Bxe4 18. Nxe4 Qe7 19. Rf4 Nd7 20. Rd1 f5 21.
Qc4+ Qf7 22. Qc3 Nf6 23. Ng5 Qe7 24. Qc4+ Kh8 25. e4 Nxe4 26. Nxe4 fxe4 27. Rxe4 Qf6 28. Re2 Rae8 29. Rxe8 Qf2+ 30. Kh1 Qf3+ 0-1

[Event "*** Titled Tuesday Blitz"]
[Site "Chess.com"]
[Date "2018.05.01"]
[Round "5"]
[White "temiksmozg"]
[Black "Zaven_ChessMood"]
[Result "0-1"]
[WhiteElo "2594"]
[BlackElo "2862"]
[TimeControl "180+2"]
[EndTime "14:06:03 PDT"]
[Termination "Zaven_ChessMood won by resignation"]

1. d4 Nf6 2. c4 c5 3. d5 b5 4.
cxb5 a6 5. bxa6 g6 6. Nc3 Bg7 7. e4 O-O 8. Nf3 Qa5 9. Bd2 Bxa6 10. Bxa6 Qxa6 11. Qe2 e6 12. dxe6 fxe6 13. Qxa6 Nxa6 14. O-O d5 15. exd5 exd5 16. Rad1 Nb4 17. a3 Nd3 18.
Bc1 c4 19. Ne1 Nxc1 20. Rxc1 d4 21. Nb5 Ne4 22. Nf3 c3 23. bxc3 dxc3 24. Rfe1 Ra4 25. Rc2 g5 26. h3 h5 27. Nc7 g4 28. hxg4 hxg4 29. Ne6 gxf3 30. Nxf8 Kxf8 31. gxf3 Nd2 32.
Kg2 Rxa3 33. Re6 Ra5 34. f4 Rc5 35. Kg3 Nb3 36. Ra6 Nd4 0-1